 Dungeon Crawl Stone Soup version 0.17-a0-1635-gd4e48f1 (webtiles) character file.

513 ololoev the Conjurer (level 7, 16/50 HPs)
             Began as a Grey Draconian Air Elementalist on Aug 4, 2015.
             Quit the game on level 4 of the Dungeon.
             The game lasted 00:13:24 (3973 turns).

ololoev the Conjurer (DrAE)                         Turns: 3973, Time: 00:13:24

Health: 16/50      AC: 15    Str: 10    XL:     7   Next: 0%
Magic:  5/12       EV: 12    Int: 18    God:
Gold:   162        SH:  0    Dex: 11    Spells: 1 memorised, 12 levels left

rFire  . . .     SeeInvis .     v - -1 long sword
rCold  . . .     Clarity  .     (armour unavailable)
rNeg   . . .     SustAt   .     (no shield)
rPois  .         Gourm    .     l - +2 hat
rElec  .         Spirit   .     (no cloak)
rCorr  .         Warding  .     n - +1 pair of gloves
rMut   .         Stasis   .     (no boots)
MR     .....                    (no amulet)
Stlth  ++........               (no ring)
                                (no ring)

@: very slightly contaminated, not resistant to hostile enchantments, unstealthy
A: walk through water, unfitting armour, unbreathing, cold-blooded, AC +11
a: no special abilities


Innate Abilities, Weirdness & Mutations

You can walk through water.
Your dull iron-grey scales are very hard (AC +11).
Your body does not fit into most forms of armour.
You can survive without breathing.
You are cold-blooded and may be slowed by cold attacks.

Inventory:

Hand weapons
 v - a -1 long sword (weapon)
Missiles
 i - 3 javelins (quivered)
Armour
 l - a +2 hat (worn)
 n - a +1 pair of gloves (worn)
Scrolls
 e - 2 scrolls of amnesia
Potions
 c - a potion of might {unknown}
 d - 2 potions of lignification {unknown}
 f - a potion of haste
 k - a potion of heal wounds {unknown}
 m - a potion of brilliance
 o - a potion of invisibility {unknown}
 t - a potion of resistance {unknown}
Books
 a - a book of Air

   Spells                             Type                      Level
   a - Shock                          Conjuration/Air              1
   b - Swiftness                      Charms/Air                   2
   c - Repel Missiles                 Charms/Air                   2
   d - Static Discharge               Conjuration/Air              3
   e - Lightning Bolt                 Conjuration/Air              5
Comestibles
 b - 5 bread rations
 g - 5 meat rations
 h - 11 chunks of flesh
 j - a slice of pizza
 r - 3 fruits


   Skills:
 - Level 1.7 Dodging
 - Level 1.7 Stealth
 + Level 3.6 Spellcasting
 * Level 5.5 Conjurations
 + Level 3.8 Air Magic


You had 12 spell levels left.
You knew the following spells:

 Your Spells              Type           Power        Failure   Level  Hunger
a - Shock                 Conj/Air       ###.         1%          1    None


You were on level 4 of the Dungeon.
You were not hungry.

You visited 1 branch of the dungeon, and saw 4 of its levels.

You collected 162 gold pieces.

.## ##.........##
##...####....##
#...## #.....##
.######..## #......##
# .........#
##).....### .##
........##
#.)......#....
######...#
#)..(.......# ##..##
#...........# #...#
#@.........## ##..##
##..........# #...#
#...........# ##..##
#...........#
#...###.........#..#
##...##)....#######.#
#...#...#### #.
#......## ##....##

Notes
Turn   | Place    | Note
--------------------------------------------------------------
     0 | D:1      | ololoev the Draconian Air Elementalist began the quest for the Orb.
     0 | D:1      | Reached XP level 1. HP: 14/14 MP: 3/3
   198 | D:1      | You fall through a shaft!
   232 | D:2      | Reached XP level 2. HP: 20/20 MP: 1/5
   724 | D:1      | Reached XP level 3. HP: 26/26 MP: 4/6
  1364 | D:2      | Reached XP level 4. HP: 33/33 MP: 5/7
  1743 | D:2      | Noticed Ijyb
  1840 | D:2      | Killed Ijyb
  2326 | D:3      | Found a deep blue altar of Sif Muna.
  2333 | D:3      | Reached XP level 5. HP: 34/38 MP: 4/9
  2770 | D:3      | Reached skill level 4 in Conjurations
  3104 | D:4      | Noticed an ogre
  3119 | D:3      | Killed an ogre
  3119 | D:3      | Reached XP level 6. HP: 34/45 MP: 2/11
  3769 | D:4      | Reached skill level 5 in Conjurations
  3972 | D:4      | Your scales start taking on a dull iron-grey colour.
  3972 | D:4      | Gained mutation: You can survive without breathing. [Grey Draconian growth]
  3972 | D:4      | Reached XP level 7. HP: 16/50 MP: 5/12
  3973 | D:4      | Quit the game

Dungeon Overview and Level Annotations

Branches:
Dungeon (4/15)
 Temple: D:4-7

Altars:
Sif Muna


Message History

The adder is severely wounded.
The adder closely misses you.
Casting: Shock
Confirm with . or Enter, or press ? or * to list all spells.
Aiming: Shock
Press: ? - help, Shift-Dir - straight line The zap hits the adder.
You kill the adder!
There is a stone staircase leading up here.
You start resting.
Eating one of 12 chunks of flesh.
This raw flesh tastes terrible.
You continue eating. x2
Unknown command.
Casting: Shock
Confirm with . or Enter, or press ? or * to list all spells.
Aiming: Shock
Press: ? - help, Shift-Dir - straight line, f - orc
Aim: an orc, wielding a whip and wearing a leather armour (lightly wounded)
The zap hits the orc.
The orc is almost dead.
Casting: Shock
Confirm with . or Enter, or press ? or * to list all spells.
Aiming: Shock
Press: ? - help, Shift-Dir - straight line, f/p - orc
Aim: an orc, wielding a whip and wearing a leather armour (almost dead)
The zap hits the orc.
The orc is almost dead.
An orc is nearby!
Casting: Shock
Confirm with . or Enter, or press ? or * to list all spells.
Aiming: Shock
Press: ? - help, Shift-Dir - straight line, f/p - orc
Aim: an orc, wielding a whip and wearing a leather armour (almost dead)
The zap hits the orc.
You kill the orc!
You have reached level 7!
Your Air Magic skill decreases to level 3!
Your scales start taking on a dull iron-grey colour.
You feel breathless.
Are you sure you want to abandon this character and quit the game? (Confirm with "yes".)

There were no monsters in sight!

Vanquished Creatures
  An ogre (D:3)
  A hound (D:4)
  An orc priest (D:4)
  4 orc wizards
  A giant frog skeleton (D:4)
  Ijyb (D:2)
  4 gnolls (D:4)
  9 adders
  An ooze (D:1)
  An adder skeleton (D:4)
  3 worms
  3 giant geckos
  12 orcs
  2 ball pythons
  4 giant cockroaches
  5 goblins
  3 hobgoblins
  3 kobolds
  6 bats
  3 giant newts
  2 quokkas (D:2)
  A quokka skeleton (D:4)
  6 rats
77 creatures vanquished.

Action                   |  1- 3 |  4- 6 |  7- 9 || total
-------------------------+-------+-------+-------++-------
Melee: Unarmed           |    52 |    57 |       ||   109
       Spear             |       |    12 |       ||    12
       Long sword        |       |    11 |       ||    11
Throw: Javelin           |    13 |    28 |       ||    41
 Cast: Shock             |    37 |   102 |     1 ||   140
  Use: Scroll            |       |    11 |       ||    11
       Potion            |       |     1 |       ||     1
  Eat: Chunk             |     2 |     8 |       ||    10
       Fruit             |       |     1 |       ||     1

Vault maps used:
D:1:      minmay_arrival_jagged, serial_bayou_crossing
D:2:      uniq_iyjb
D:3:      led_sif_book
D:4:      lemuel_coloured_pillars_altar, nicolae_overflow_hidden_temple,
          first_bread, solitary_fountain
